 Dungeon Crawl Stone Soup version 0.30-a0-639-g3916f1956a (webtiles) character file.

Game seed: 4233764291315150184

863 zazu2006 the Sneak (level 8, 0/102 HPs)
             Began as a Naga Hedge Wizard on Jan 16, 2023.
             Slain by Maggie
             ... wielding a +1 glaive of flaming
              (1 damage)
             ... on level 6 of the Dungeon.
             The game lasted 00:06:47 (4407 turns).

zazu2006 the Sneak (Naga Hedge Wizard)              Turns: 4407, Time: 00:06:47

Health: 0/102      AC: 24    Str: 12    XL:     8   Next: 3%
Magic:  9/16       EV:  1    Int: 17    God:
Gold:   132        SH:  0    Dex: 11    Spells: 12/18 levels left

rFire   . . .      SeeInvis +    t - +3 dagger (venom)
rCold   . . .      Faith    .    (no shield)
rNeg    . . .      Spirit   .    (body armour currently unavailable)
rPois   +          Reflect  .    (helmet currently unavailable)
rElec   .          Harm     .    (cloak currently unavailable)
rCorr   .          Rampage  .    (gloves currently unavailable)
Will    +....      NoTele   +    (no barding)
Stlth   +++                      (no amulet)
HPRegen 0.37/turn                (no ring)
MPRegen 0.15/turn                (no ring)

@: tree-form, invisible
A: stationary, stasis, torment immunity, boosted hp, AC +2, large, see
invisible, (deformed body), (poison resistance), (slowness 2), spit poison 1,
(naga tail 1), wild magic 1
a: Spit Poison


You were on level 6 of the Dungeon.
You were a tree.
You visited 1 branch of the dungeon, and saw 5 of its levels.

You collected 132 gold pieces.

Inventory:

Hand Weapons
 h - a +2 short sword of flaming
 l - a +1 heavy falchion
 t - a +3 dagger of venom (weapon)
Armour
 b - a +0 robe (melded)
 c - a +0 hat (melded)
 f - a +0 pair of gloves (melded)
Scrolls
 a - a scroll of fog {unknown}
 g - 2 scrolls of teleportation {unknown}
 m - a scroll of noise {unknown}
 o - a scroll of blinking {unknown}
 p - 3 scrolls of identify {unknown}
 q - a scroll of enchant weapon {unknown}
Potions
 d - a potion of magic
 i - 2 potions of lignification
 k - a potion of flight {unknown}
 r - a potion of resistance {unknown}
 s - a potion of haste {unknown}


   Skills:
 + Level 2.3 Fighting
 + Level 2.6 Dodging
 + Level 6.1 Stealth
 + Level 5.5 Spellcasting
 + Level 4.4 Conjurations
 + Level 1.0 Summonings
 + Level 1.0 Translocations
 + Level 0.8 Air Magic
 + Level 1.9 Poison Magic


You had 12 spell levels left.
You knew the following spells:

 Your Spells              Type           Power      Damage    Failure   Level
a - Magic Dart            Conj           100%       1d8       4%          1
b - Mephitic Cloud        Conj/Pois/Air  16%        N/A       22%         3
d - Blink                 Tloc           20%        N/A       21%         2

Your spell library contained the following spells:

 Spells                   Type           Power      Damage    Failure   Level
 Apportation              Tloc           20%        N/A       13%         1
 Slow                     Hex            24%        N/A       21%         1
 Call Imp                 Summ           10%        N/A       21%         2
 Cigotuvi's Dreadful Rot  Necr/Pois/Air  20%        N/A       21%         2
 Manifold Assault         Tloc           10%        N/A       73%         4
 Alistair's Intoxication  Tmut/Pois      6%         N/A       96%         5
 Storm Form               Tmut/Air       4%         N/A       100%        7
 Borgnjor's Revivificati  Necr           3%         N/A       100%        8
 Necromutation            Tmut/Necr      3%         N/A       100%        8
 Death's Door             Necr           3%         N/A       100%        9


Dungeon Overview and Level Annotations

Branches:
Dungeon (4/15)
 Temple: D:4-7

Altars:

Shops:
D:1 *

Annotations:
D:6 Maggie


Innate Abilities, Weirdness & Mutations

You are a tree.
Your roots penetrate the ground, keeping you stationary.
You cannot be teleported.
You are immune to unholy pain and torment.
Your maximum health is greatly increased.
Your equipment is partially melded.
((Your serpentine skin is tough. (AC +2)))
You have supernaturally acute eyesight. (SInv)
((Armour fits poorly on your strangely shaped body.))
((Your system is resistant to poisons. (rPois)))
((You cover ground very slowly.))
You can spit poison.
((You have a snake-like lower body.))
Your spells are a little harder to cast, but a little more powerful.


Message History

It was a potion of lignification.
You turn into a tree.
Your +0 hat melds into your body.
Your +0 pair of gloves melds into your body.
Your +0 robe melds into your body.
Your roots penetrate the ground.
Aiming: Spit Poison (1% risk of failure)
Press: ? - help, Shift-Dir - straight line, f/p - Maggie
Aim: Maggie, wielding a +1 glaive of flaming and wearing +0 steam dragon scales (heavily wounded, confused, very poisoned, 88% to hit)
The splash of poison hits Maggie.
Maggie is heavily wounded.
Unknown command.
It was a potion of mutation.
You feel extremely strange.
You feel less in control of your magic.
It was a potion of curing.
You feel better.
You have got your breath back.
Casting: Mephitic Cloud (dangerous; 22% risk of failure)
Confirm with . or Enter, or press ? or * to list all spells.
Aiming: Mephitic Cloud (dangerous; 22% risk of failure)
Press: ? - help, Shift-Dir - straight line, f/p - Maggie
Aim: Maggie, wielding a +1 glaive of flaming and wearing +0 steam dragon scales (heavily wounded, confused, very poisoned, chance to affect: 77%)
The ball explodes into a vile cloud!
The stinking cloud engulfs Maggie but does no damage.
Maggie is heavily wounded.
Maggie is engulfed in noxious fumes.
Unknown command.
You hit Maggie.
Maggie looks as sick as possible!
Maggie is heavily wounded.
You hit Maggie.
Maggie looks as sick as possible!
Maggie is severely wounded.
Maggie is engulfed in noxious fumes.
Maggie appears confused.
Maggie hits you with a +1 glaive of flaming!
* * * LOW HITPOINT WARNING * * *
Maggie burns you.
* * * LOW HITPOINT WARNING * * *
It was a potion of invisibility.
You fade into invisibility!
Maggie is engulfed in noxious fumes.
Maggie hits you with a +1 glaive of flaming.
* * * LOW HITPOINT WARNING * * *
Maggie burns you.
You die...

#...............#.....#......
##..##########'##'##..###....
#### ............#..###....
............#...#.....
............#...'.....
............#...#.....
............######..##
##+######'##..... ####.
#.....♣..○.#..... +.
#......@○..#.....# #.
#......°.°.#.....+ #.
#..........#.....# #.
+..........#.....# #[ #####
############.....#####.
#...#######....###. #............
....................#............
>...................#............


You could see Maggie (confused, unable to see you, extremely poisoned).

Vanquished Creatures
  Sigmund (D:3)
  Eustachio (D:6)
  A water moccasin (D:6)
  A kobold brigand (D:6)
  A necrophage (D:6)
  A bullfrog (D:6)
  A jelly (D:6)
  An iguana (D:6)
  Terence (D:3)
  An orc wizard (D:6)
  5 adders
  2 white imps (D:6)
  A worm (D:3)
  An orc (D:6)
  3 endoplasms
  3 giant cockroaches
  6 goblins
  4 hobgoblins (D:1)
  3 quokkas
  5 ball pythons
  4 bats
  6 frilled lizards
  11 kobolds
  2 rats
66 creatures vanquished.

Vanquished Creatures (collateral kills)
  An orc priest (D:6)
1 creature vanquished.

Grand Total: 67 creatures vanquished

Notes
Turn   | Place    | Note
-------+----------+-------------------------------------------
     0 | D:1      | zazu2006 the Naga Hedge Wizard began the quest for the Orb.
     0 | D:1      | Reached XP level 1. HP: 15/15 MP: 4/4
   239 | D:1      | Reached XP level 2. HP: 22/22 MP: 1/6
   309 | D:1      | Found Naudeocs's General Store.
   985 | D:1      | Reached XP level 3. HP: 27/28 MP: 2/8
   989 | D:1      | Learned a level 3 spell: Mephitic Cloud
   992 | D:1      | Learned a level 2 spell: Blink
  1810 | D:2      | Found a faded altar of an unknown god.
  2140 | D:2      | Reached XP level 4. HP: 34/36 MP: 3/10
  2370 | D:3      | Noticed Terence
  2379 | D:3      | Killed Terence
  2688 | D:3      | Reached skill level 4 in Stealth
  3207 | D:3      | Noticed Sigmund
  3222 | D:3      | Killed Sigmund
  3223 | D:3      | Reached XP level 5. HP: 37/43 MP: 6/12
  3223 | D:3      | Reached XP level 6. HP: 43/50 MP: 6/13
  3479 | D:4      | You fall into a shaft and drop 2 floors!
  3510 | D:6      | Reached skill level 1 in Fighting
  3753 | D:6      | Noticed Eustachio
  3765 | D:6      | Reached skill level 5 in Stealth
  3765 | D:6      | Reached skill level 5 in Spellcasting
  3765 | D:6      | Reached skill level 1 in Poison Magic
  3778 | D:6      | Killed Eustachio
  3779 | D:6      | Reached XP level 7. HP: 33/57 MP: 12/14
  4111 | D:6      | Reached skill level 6 in Stealth
  4111 | D:6      | Reached XP level 8. HP: 57/67 MP: 13/16
  4387 | D:6      | Noticed Maggie
  4396 | D:6      | HP: 3/68 [Maggie/+1 glaive of flaming (5)]
  4402 | D:6      | Gained mutation: Your spells are a little harder to cast,
                  | but a little more powerful. [potion of mutation]
  4406 | D:6      | HP: 4/102 [Maggie/+1 glaive of flaming (13)]
  4407 | D:6      | HP: 1/102 [Maggie/+1 glaive of flaming (1)]
  4407 | D:6      | Slain by Maggie

Illustrated notes

Levels and vault maps discovered:
D:1:      sevenhm_arrival_forest_fort_large_2, layout_loops_ring, serial_shops,
          nicolae_square_shop
D:2:      layout_loops_ring, hellmonk_ecumenical_altar_leap_of_faith
D:3:      layout_basic, uniq_terence, uniq_sigmund
D:4:      layout_loops_ring, minmay_temple_entry_sparse_star
D:6:      layout_gridville, uniq_eustachio, uniq_maggie

Skill      XL: |  1  2  3  4  5  6  7 |
---------------+----------------------+-----
Spellcasting   | 4 5 |  5.5
Conjurations   | 3 4 |  4.4
Stealth        | 4 5 6 |  6.1
Fighting       | 1 2 |  2.3
Dodging        | 2 |  2.6
Poison Magic   | 1 |  1.9
Summonings     | |  1.0
Translocations | |  1.0
Air Magic      | |  0.8

Action                   |  1- 3 |  4- 6 |  7- 9 || total
-------------------------+-------+-------+-------++-------
Melee: Dagger            |     9 |    14 |    20 ||    43
       Short sword       |     4 |    36 |    23 ||    63
 Cast: Magic Dart        |    87 |    44 |    32 ||   163
       Mephitic Cloud    |       |     6 |     4 ||    10
 Abil: Spit Poison       |     5 |     3 |     2 ||    10
  Use: Potion            |       |       |     4 ||     4
 Stab: Confused          |       |     4 |     2 ||     6
       Sleeping          |       |     1 |       ||     1
Armor: Robe              |    11 |    13 |    13 ||    37
Dodge: Dodged            |    14 |    24 |    21 ||    59

Table legend: (Time is in decaauts)
 A = Elapsed time spent in this place.
 B = Non-inter-level travel time spent in this place.
 C = Inter-level travel time spent in this place.
 D = Time resting spent in this place.
 E = Time spent auto-exploring this place.
 F = Levels seen in this place.
 G = Mean time per level.
                   A        B        C        D        E       F      G
               +--------+--------+--------+--------+--------+-----+--------+
         Total |   5340 |   5201 |    139 |      3 |   4613 |   5 | 1068.0 |
       Dungeon |   5340 |   5201 |    139 |      3 |   4613 |   5 | 1068.0 |
               +--------+--------+--------+--------+--------+-----+--------+

Top non-repeatable levels by time:
     D:1: 1672 daAuts
     D:3: 1341 daAuts
     D:2: 1228 daAuts
     D:6: 1039 daAuts
     D:4: 58 daAuts
